 Dungeon Crawl Stone Soup version 0.28.0-62-gf88900778d (webtiles) character file.

Game seed: 10455406711446512876

43 cbfl8 the Sneak (level 3, -12/21 HPs)
             Began as a Kobold Brigand on Apr 12, 2024.
             Mangled by Crazy Yiuf
             ... wielding a +3 quarterstaff of chaos
              (16 damage)
             ... on level 2 of the Dungeon.
             The game lasted 00:02:19 (2118 turns).

cbfl8 the Sneak (Kobold Brigand)                    Turns: 2118, Time: 00:02:19

Health: -12/21     AC:  3    Str: 10    XL:     3   Next: 82%
Magic:  3/3        EV: 14    Int: 12    God:
Gold:   56         SH:  0    Dex: 16    Spells: 2/2 levels left

rFire   . . .      SeeInvis .   l - +0 dagger (vamp)
rCold   . . .      Faith    +   (no shield)
rNeg    . . .      Spirit   .   b - +0 robe
rPois   .          Reflect  .   (no helmet)
rElec   .          Harm     .   c - +0 cloak
rCorr   .          Rampage  .   (no gloves)
Will    .....                   (no boots)
Stlth   ++++......              f - amulet of faith
HPRegen 0.07/turn               (no ring)
MPRegen 0.08/turn               (no ring)

@: no status effects
A: small, no large weapons, nightstalker 3
a: no special abilities


You were on level 2 of the Dungeon.
You visited 1 branch of the dungeon, and saw 2 of its levels.

You collected 56 gold pieces.

Inventory:

Hand Weapons
 l - a +0 vampiric dagger (weapon)
Missiles
 d - 8 poisoned darts (quivered)
 e - 2 curare-tipped darts
Armour
 b - a +0 robe (worn)
 c - a +0 cloak (worn)
Jewellery
 f - an amulet of faith (around neck)
Wands
 h - a wand of polymorph (4)
Scrolls
 g - 2 scrolls of identify {unknown}
 i - a scroll of teleportation {unknown}
 k - a scroll of enchant armour {unknown}
Potions
 j - a potion of might {unknown}


   Skills:
 + Level 2.2 Fighting
 + Level 2.9 Short Blades
 + Level 2.4 Throwing
 + Level 1.3 Dodging
 * Level 6.7 Stealth
 * Level 0.7 Evocations


You had 2 spell levels left.
You didn't know any spells.
Your spell library was empty.

Dungeon Overview and Level Annotations

Branches:
Dungeon (2/15)

Altars:

Annotations:
D:2 Crazy Yiuf


Innate Abilities, Weirdness & Mutations

You are small and have problems with some larger weapons.
You are completely attuned to the shadows.


Message History

You open the door.
There is an open door here.
Found a mace.
No target in view!
You see here a +0 mace.
Found three maces.
Found a runed translucent door.
You see here a +0 mace.
Found two maces.
You see here a +0 mace.
No target in view!
Found a mace and a glowing mace.
You see here a +0 mace.
No target in view!
Found four maces.
You see here a +0 mace.
No reachable target in view!
You see here a +0 mace.
You see here a +0 mace.
You see here a +0 mace.
You see here a +0 mace.
Key pressed, stopping explore.
No target in view!
You see here a +0 mace.
You see here a +0 mace.
You see here a +0 mace.
You see here a +0 mace.
You see here a +0 mace.
You open the door.
Crazy Yiuf shouts!
There is an open translucent door here.
Crazy Yiuf waves his quarterstaff at you.
Crazy Yiuf hits you with a +3 quarterstaff of chaos!
Space warps horribly around you!
* * * LOW HITPOINT WARNING * * *
You see here a +0 mace.
You hit Crazy Yiuf.
Crazy Yiuf is lightly wounded.
Crazy Yiuf hits you with a +3 quarterstaff of chaos!
Ouch! That really hurt!
You die...

...#...........
###..##
........#......
#.....#
......#.....###
...#.###
.#....#######
#####.# .#.#..#
#...#.# .#.#..#
###.#)# .#.#..####
##### ###.#.#
...#..+..## ###)))#
#.....#
..........####)'@g.#
##.#####
#.##....P.)#))##)))#
#......#
......'..)#)########
##.###.#
......####### #.#
#.# .#.#..# ..# #.#
......### ### ######
#.# ##......### #.#
#.# #.# #........#
#.# #.# #.#
#......#.# #.#
#.######.#


You could see Crazy Yiuf.

Vanquished Creatures
  2 dart slugs (D:1)
  7 endoplasms
  2 giant cockroaches
  4 goblins
  6 jackals
  A quokka (D:2)
  2 ball pythons
  3 bats
  3 kobolds (D:1)
  4 rats
34 creatures vanquished.

Vanquished Creatures (others)
  2 fungi (D:2)
2 creatures vanquished.

Grand Total: 36 creatures vanquished

Notes
Turn   | Place    | Note
-------+----------+-------------------------------------------
     0 | D:1      | cbfl8 the Kobold Brigand began the quest for the Orb.
     0 | D:1      | Reached XP level 1. HP: 12/12 MP: 1/1
    94 | D:1      | Reached XP level 2. HP: 17/17 MP: 2/2
   595 | D:2      | Reached skill level 6 in Stealth
  1013 | D:1      | Reached XP level 3. HP: 21/21 MP: 3/3
  2099 | D:2      | Found a runed translucent door.
  2102 | D:2      | Noticed Crazy Yiuf
  2118 | D:2      | Mangled by Crazy Yiuf

Illustrated notes

Levels and vault maps discovered:
D:1:      onia_arrival_handbag, layout_basic
D:2:      layout_basic, uniq_crazy_yiuf_cottage

Skill      XL: |  1  2 |
---------------+-------+-----
Stealth        | 6 |  6.7
Fighting       | |  2.2
Short Blades   | |  2.9
Throwing       | |  2.4
Dodging        | |  1.3
Evocations     | |  0.7

Action                   || total
-------------------------++-------
Melee: Dagger            ||    86
 Stab: Sleeping          ||    16
Armor: Robe              ||     8
Dodge: Dodged            ||    62
